 Dungeon Crawl Stone Soup version 0.26-a0-708-g17f3b190f9 (webtiles) character file.

Game seed: 5724906845624804163

3913 robertstho the Magician (level 10, -2/74 HPs)
             Began as a Gnoll Earth Elementalist on Oct 27, 2020.
             Slain by a wolf (4 damage)
             ... led by Grum
             ... on level 8 of the Dungeon.
             The game lasted 00:25:06 (10394 turns).

robertstho the Magician (Gnoll Earth Elementalist) Turns: 10394, Time: 00:25:06

Health: -2/74      AC:  6    Str: 16    XL:     10   Next: 20%
Magic:  10/20      EV: 17    Int: 17    God:
Gold:   496        SH:  5    Dex: 16    Spells: 8/23 levels left

rFire    . . .     SeeInvis .   G - +2 spear (venom)
rCold    . . .     Faith    .   (no shield)
rNeg     . . .     Spirit   .   O - +1 robe {MR+}
rPois    .         Reflect  +   (helmet restricted)
rElec    .         Harm     .   l - +0 cloak
rCorr    .         Rampage  .   (no gloves)
MR       +....                  w - +1 pair of boots
Stlth    +++.......             a - amulet of reflection
HPRegen  0.22/turn              r - +6 ring of strength
MPRegen  0.17/turn              A - -4 ring of intelligence

@: brilliant
A: distributed training, fangs 1, hooves 1, horns 1, wild magic 1, MP-powered
wands, strong nose
a: no special abilities


You were on level 8 of the Dungeon.
You visited 1 branch of the dungeon, and saw 8 of its levels.
You also visited: Bailey.

You collected 496 gold pieces.

Inventory:

Hand Weapons
 m - a +2 short sword of draining
 n - a +2 dagger of protection
 v - a +2 quarterstaff of chaos
 G - a +2 spear of venom (weapon)
 L - a +6 flail of protection
Missiles
 b - 243 stones (quivered)
 D - 12 poisoned darts
Armour
 c - a +0 troll leather armour
 l - a +0 cloak (worn)
 w - a +1 pair of boots (worn)
 O - a +1 robe of magic resistance (worn)
Jewellery
 a - an amulet of reflection (around neck)
 e - an uncursed ring of stealth
 j - an uncursed ring of flight
 k - an uncursed amulet of reflection
 p - an uncursed ring of stealth
 r - a +6 ring of strength (left hand)
 t - an uncursed ring of positive energy
 A - a -4 ring of intelligence (right hand)
 N - an uncursed ring of protection from magic
Wands
 g - a wand of digging (4)
 C - a wand of acid (22)
 H - a wand of flame (15)
Scrolls
 d - a scroll of enchant armour
 f - a scroll of teleportation {unknown}
 i - a scroll of random uselessness {unknown}
 o - 5 scrolls of identify
 x - 3 scrolls of amnesia
 y - 3 scrolls of remove curse
Potions
 h - a potion of lignification
 q - 3 potions of stabbing
 s - 2 potions of mutation
 z - 2 potions of invisibility {unknown}
 B - a potion of haste {unknown}
 J - 2 potions of flight {unknown}
 K - 2 potions of brilliance


   Skills:
 + Level 5.0 Fighting
 + Level 5.0 Short Blades
 + Level 5.0 Long Blades
 + Level 5.0 Axes
 + Level 5.0 Maces & Flails
 + Level 5.0 Polearms
 + Level 5.0 Staves
 + Level 5.0 Slings
 + Level 5.0 Bows
 + Level 5.0 Crossbows
 + Level 5.0 Throwing
 + Level 5.0 Armour
 + Level 6.9 Dodging
 + Level 6.6 Stealth
 + Level 5.0 Shields
 + Level 5.0 Unarmed Combat
 + Level 7.2 Spellcasting
 + Level 4.1 Conjurations
 + Level 4.1 Hexes
 + Level 4.1 Summonings
 + Level 4.1 Necromancy
 + Level 4.1 Translocations
 + Level 4.7 Transmutations
 + Level 4.1 Fire Magic
 + Level 4.1 Ice Magic
 + Level 4.1 Air Magic
 + Level 7.0 Earth Magic
 + Level 4.1 Poison Magic
 + Level 5.5 Invocations
 + Level 5.0 Evocations


You had 8 spell levels left.
You knew the following spells:

 Your Spells              Type           Power        Failure   Level
a - Sandblast             Erth           ######       1%          1
b - Passwall              Tmut/Erth      ######..     3%          2
c - Stone Arrow           Conj/Erth      #####.       6%          3
d - Petrify               Tmut/Erth      ######..     14%         4
e - Lee's Rapid Deconstr  Erth           ######....   26%         5

Your spell library contained the following spells:

 Spells                   Type           Power        Failure   Level


Dungeon Overview and Level Annotations

Branches:
Dungeon (9/15)             Temple (0/1) D:5            Lair (0/6) D:8
 Bailey (visited)
    Orc: D:9-12

Altars:
Cheibriados
Dithmenos
Elyvilon
Kikubaaqudgha
Makhleb
Trog

Shops:
D:9 (

Annotations:
D:2 Natasha, Sigmund
D:8 Grum


Innate Abilities, Weirdness & Mutations

Your experience applies equally to all skills.
You have very sharp teeth.
Your uncanny sense of smell can sniff out nearby items.
You have large cloven feet.
You have a pair of small horns on your head.
Your spells are a little harder to cast, but a little more powerful.
You expend magic power (3 MP) to strengthen your wands.


Message History

* * * LOW HITPOINT WARNING * * *
The wolf misses you.
A centaur skeleton comes into view.
You hear a zap.
You hear a grinding noise.
You block the wolf's attack.
Found 15 arrows.
Found a stone staircase leading up.
The centaur skeleton closely misses you.
The wolf bites you.
* * * LOW HITPOINT WARNING * * *
The wolf misses you.
Okay, then.
It was a potion of brilliance.
You feel clever all of a sudden. The wolf misses you.
The wolf barely misses you. The wolf closely misses you.
The centaur skeleton hits you but does no damage.
The wolf bites you but does no damage.
As you read the scroll labeled HOG HUBRAAMO, it crumbles to dust.
You feel aware of your surroundings.
It was a scroll of magic mapping.
The wolf bites you.
You die...

#########[#### #
#............# #
#........[...# #
#............# #
#[..÷........# #
#............# #
##o...........#####
####hhh..o..........##
#<...@Z...g#........##
**#.....o....#........##
#............#........##
#.#..........#.......†##
#,#..........#........##
***,#..........#.........#
*,,,..###+###.##..........
*,,...,,,,* *.##......o...
******,,,,******
*,*#..........


You could see Grum, 3 wolves, 3 orcs and a centaur skeleton.

Vanquished Creatures
  Maggie (D:8)
  2 trolls
  Edmund (D:5)
  An orc warrior (D:8)
  A sky beast (D:8)
  3 ice beasts
  2 phantoms
  An ogre (D:3)
  A wolf (D:8)
  A big kobold (D:5)
  Blork the orc (D:5)
  3 bullfrogs
  A gnoll sergeant (D:8)
  11 killer bees
  7 hounds
  3 orc priests
  4 gnoll shamans (D:3)
  A bullfrog skeleton (D:8)
  Crazy Yiuf (D:4)
  A centaur skeleton (D:9)
  An iguana (D:5)
  5 orc wizards
  3 worker ants
  A hound skeleton (D:4)
  Robin (D:2)
  43 gnolls
  9 adders
  A shadow imp (D:5)
  A white imp (D:5)
  An adder skeleton (D:4)
  2 dart slugs
  2 leopard geckos (D:8)
  12 orcs
  6 bats
  8 giant cockroaches
  13 goblins
  7 hobgoblins
  18 jackals
  2 quokkas (D:8)
  2 ball pythons (D:2)
  2 frilled lizards
  A jackal skeleton (D:5)
  16 kobolds
  6 rats
210 creatures vanquished.

Vanquished Creatures (others)
  2 gnolls (D:8)
2 creatures vanquished.

Grand Total: 212 creatures vanquished

Notes
Turn   | Place    | Note
-------+----------+-------------------------------------------
     0 | D:1      | robertstho the Gnoll Earth Elementalist began the quest for
                  | the Orb.
     0 | D:1      | Reached XP level 1. HP: 13/13 MP: 6/6
    28 | D:1      | Reached XP level 2. HP: 8/19 MP: 3/7
   902 | D:2      | Reached XP level 3. HP: 22/25 MP: 2/9
   999 | D:2      | Reached skill level 5 in Spellcasting
  1240 | D:2      | Reached skill level 1 in Invocations
  1241 | D:2      | Reached skill level 1 in Fighting
  1241 | D:2      | Reached skill level 1 in Short Blades
  1241 | D:2      | Reached skill level 1 in Long Blades
  1241 | D:2      | Reached skill level 1 in Axes
  1241 | D:2      | Reached skill level 1 in Maces & Flails
  1241 | D:2      | Reached skill level 1 in Polearms
  1241 | D:2      | Reached skill level 1 in Staves
  1241 | D:2      | Reached skill level 1 in Slings
  1241 | D:2      | Reached skill level 1 in Bows
  1241 | D:2      | Reached skill level 1 in Crossbows
  1241 | D:2      | Reached skill level 1 in Throwing
  1241 | D:2      | Reached skill level 1 in Armour
  1241 | D:2      | Reached skill level 1 in Shields
  1241 | D:2      | Reached skill level 1 in Unarmed Combat
  1241 | D:2      | Reached skill level 1 in Evocations
  1298 | D:2      | Noticed Sigmund
  1298 | D:2      | Noticed Natasha
  1347 | D:2      | Noticed Robin
  1350 | D:2      | Reached XP level 4. HP: 32/32 MP: 7/11
  1504 | D:2      | Learned a level 2 spell: Passwall
  1508 | D:2      | Learned a level 3 spell: Stone Arrow
  1513 | D:2      | Learned a level 4 spell: Petrify
  1542 | D:2      | Killed Robin
  1703 | D:2      | You fall into a shaft and drop 2 floors!
  1703 | D:4      | Found a runed translucent door.
  1704 | D:4      | Noticed Crazy Yiuf
  1704 | D:4      | Killed Crazy Yiuf
  1704 | D:4      | Reached skill level 1 in Conjurations
  1704 | D:4      | Reached skill level 1 in Hexes
  1704 | D:4      | Reached skill level 1 in Summonings
  1704 | D:4      | Reached skill level 1 in Necromancy
  1704 | D:4      | Reached skill level 1 in Translocations
  1704 | D:4      | Reached skill level 1 in Fire Magic
  1704 | D:4      | Reached skill level 1 in Ice Magic
  1704 | D:4      | Reached skill level 1 in Air Magic
  1704 | D:4      | Reached skill level 1 in Poison Magic
  1774 | D:4      | Reached XP level 5. HP: 37/37 MP: 8/12
  2387 | D:4      | Found an ancient bone altar of Kikubaaqudgha.
  2396 | D:4      | Reached XP level 6. HP: 24/44 MP: 2/13
  3414 | D:3      | Reached skill level 5 in Dodging
  3421 | D:3      | Learned a level 5 spell: Lee's Rapid Deconstruction
  3750 | D:3      | Reached XP level 7. HP: 47/50 MP: 4/15
  4514 | D:3      | Reached skill level 5 in Stealth
  4906 | D:3      | Reached XP level 8. HP: 50/57 MP: 10/16
  5798 | D:5      | Entered Level 5 of the Dungeon
  5798 | D:5      | Noticed Blork the orc
  5805 | D:5      | Killed Blork the orc
  6992 | D:5      | Found a staircase to the Ecumenical Temple.
  7020 | D:5      | Noticed Edmund
  7047 | D:5      | Killed Edmund
  7047 | D:5      | Reached XP level 9. HP: 35/65 MP: 1/18
  7516 | D:5      | Found a burning altar of Makhleb.
  7706 | D:5      | Found a bloodstained altar of Trog.
  7814 | D:6      | Found a white marble altar of Elyvilon.
  7814 | D:6      | Found a snail-covered altar of Cheibriados.
  7862 | D:6      | Found a shadowy altar of Dithmenos.
  8122 | D:6      | You fall into a shaft and drop 3 floors!
  8440 | D:9      | Noticed a troll
  8459 | D:9      | Killed a troll
  8679 | D:9      | Found Hithraf's Weapon Boutique.
  8809 | D:8      | Gained mutation: Your spells are a little harder to cast,
                  | but a little more powerful. [potion of mutation]
  8809 | D:8      | Gained mutation: You have large cloven feet. [potion of
                  | mutation]
  8809 | D:8      | Gained mutation: You expend magic power (3 MP) to
                  | strengthen your wands. [potion of mutation]
  8809 | D:8      | Gained mutation: You have a pair of small horns on your
                  | head. [potion of mutation]
  8819 | D:8      | Noticed Maggie
  8837 | D:8      | Killed Maggie
  8837 | D:8      | Reached skill level 5 in Invocations
  9014 | D:8      | Found a flagged portal.
  9023 | Bailey   | Entered a bailey
  9472 | Bailey   | Noticed an orc knight
  9709 | D:8      | Noticed a troll
  9747 | D:8      | Reached XP level 10. HP: 46/73 MP: 20/20
  9791 | D:8      | Reached skill level 5 in Fighting
  9791 | D:8      | Reached skill level 5 in Short Blades
  9791 | D:8      | Reached skill level 5 in Long Blades
  9791 | D:8      | Reached skill level 5 in Axes
  9791 | D:8      | Reached skill level 5 in Maces & Flails
  9791 | D:8      | Reached skill level 5 in Polearms
  9791 | D:8      | Reached skill level 5 in Staves
  9791 | D:8      | Reached skill level 5 in Slings
  9791 | D:8      | Reached skill level 5 in Bows
  9791 | D:8      | Reached skill level 5 in Crossbows
  9791 | D:8      | Reached skill level 5 in Throwing
  9791 | D:8      | Reached skill level 5 in Armour
  9791 | D:8      | Reached skill level 5 in Shields
  9791 | D:8      | Reached skill level 5 in Unarmed Combat
  9791 | D:8      | Reached skill level 5 in Evocations
 10369 | D:8      | Noticed Grum
 10392 | D:8      | HP: 1/74 [wolf[Grum] (5)]
 10394 | D:8      | Slain by a wolf

Illustrated notes

Levels and vault maps discovered:
D:1:      lightli_molten_gateway, layout_rooms
D:2:      layout_rooms, lemuel_statue_altar, uniq_sigmund, uniq_natasha,
          uniq_robin
D:3:      lemuel_castle_with_subvaults [lemuel_castle_interior_carwin_1],
          layout_loops_ring
D:4:      layout_loops_cross, lemuel_coloured_pillars_altar,
          uniq_crazy_yiuf_cottage
D:5:      layout_loops_ring, lemuel_round_altar, lemuel_round_altar,
          temple_statues, uniq_edmund, uniq_blork_the_orc
D:6:      layout_basic, overflow_temple_1_default, grunt_dithmenos_shadows,
          grunt_temple_overflow_open, fedhas_altar_1, roderic_lattice_a
D:8:      layout_basic, erik_lair_island, enter_bailey_2, uniq_maggie,
          uniq_erica, uniq_grum
D:9:      layout_long_grid, serial_shops, shop_statue

Skill      XL: |  1  2  3  4  5  6  7  8  9 10 |
---------------+-------------------------------+-----
Transmutations | 2 3 4 |  4.7
Spellcasting   | 5 6 7 |  7.2
Invocations    | 1 2 3 4 5 |  5.5
Fighting       | 1 2 3 4 5 |  5.0
Short Blades   | 1 2 3 4 5 |  5.0
Long Blades    | 1 2 3 4 5 |  5.0
Axes           | 1 2 3 4 5 |  5.0
Maces & Flails | 1 2 3 4 5 |  5.0
Polearms       | 1 2 3 4 5 |  5.0
Staves         | 1 2 3 4 5 |  5.0
Slings         | 1 2 3 4 5 |  5.0
Bows           | 1 2 3 4 5 |  5.0
Crossbows      | 1 2 3 4 5 |  5.0
Throwing       | 1 2 3 4 5 |  5.0
Armour         | 1 2 3 4 5 |  5.0
Shields        | 1 2 3 4 5 |  5.0
Unarmed Combat | 1 2 3 4 5 |  5.0
Evocations     | 1 2 3 4 5 |  5.0
Conjurations   | 1 2 3 4 |  4.1
Hexes          | 1 2 3 4 |  4.1
Summonings     | 1 2 3 4 |  4.1
Necromancy     | 1 2 3 4 |  4.1
Translocations | 1 2 3 4 |  4.1
Fire Magic     | 1 2 3 4 |  4.1
Ice Magic      | 1 2 3 4 |  4.1
Air Magic      | 1 2 3 4 |  4.1
Poison Magic   | 1 2 3 4 |  4.1
Dodging        | 5 6 |  6.9
Stealth        | 5 6 |  6.6
Earth Magic    | 6 7 |  7.0

Action                   |  1- 3 |  4- 6 |  7- 9 | 10-12 || total
-------------------------+-------+-------+-------+-------++-------
Melee: Unarmed           |    20 |       |       |       ||    20
       Short sword       |    45 |       |       |       ||    45
       Bite              |     6 |     3 |    26 |     7 ||    42
       Dagger            |       |    12 |    49 |       ||    61
       Flail             |       |    57 |     3 |       ||    60
       Spear             |       |       |   280 |    42 ||   322
       Punch             |       |       |     3 |       ||     3
       Headbutt          |       |       |    11 |    10 ||    21
 Cast: Sandblast         |    31 |    37 |    42 |     4 ||   114
       Stone Arrow       |       |    28 |     8 |     1 ||    37
       Lee's Rapid Decon |       |     3 |    29 |     4 ||    36
       Petrify           |       |       |    13 |     2 ||    15
Evoke: Wand              |       |       |     2 |       ||     2
  Use: Potion            |       |       |    11 |     1 ||    12
       Scroll            |       |       |    11 |     1 ||    12
 Stab: Sleeping          |       |     3 |     7 |     1 ||    11
       Distracted        |       |       |     2 |       ||     2
       Petrified         |       |       |    14 |     6 ||    20
Armor: Robe              |    17 |    12 |    50 |    11 ||    90
       Skin              |       |       |    32 |       ||    32
Dodge: Dodged            |    97 |    84 |   284 |    53 ||   518
Block: Other             |       |       |    35 |    16 ||    51
       Reflection        |       |       |     5 |       ||     5

Table legend: (Time is in decaauts)
 A = Elapsed time spent in this place.
 B = Non-inter-level travel time spent in this place.
 C = Inter-level travel time spent in this place.
 D = Time resting spent in this place.
 E = Time spent auto-exploring this place.
 F = Levels seen in this place.
 G = Mean time per level.
                   A        B        C        D        E       F      G
               +--------+--------+--------+--------+--------+-----+--------+
         Total |  10392 |  10088 |    304 |   1643 |   6425 |   9 | 1154.7 |
       Dungeon |   9815 |   9511 |    304 |   1227 |   6369 |   8 | 1226.9 |
        Bailey |    576 |    576 |      0 |    416 |     56 |   1 |  576.0 |
               +--------+--------+--------+--------+--------+-----+--------+

Top non-repeatable levels by time:
     D:3: 3018 daAuts
     D:4: 1600 daAuts
     D:5: 1498 daAuts
     D:8: 1076 daAuts
     D:1: 1024 daAuts
     D:2: 682 daAuts
     D:9: 593 daAuts
  Bailey: 576 daAuts
     D:6: 322 daAuts
